Map: Ever Dream LE

Players

AGOElazer (Elazer)

  • Race: Zerg Zerg
  • League: Grandmaster
  • Spawn Location: 1:00

goblin - Winner!

  • Race: Protoss Protoss
  • League: Master
  • Spawn Location: 7:00

Event: DreamHack SC2 Masters 2020 Summer Europe

VOD

Have the link to the VOD?

Description

Time

  • Played on: July 5, 2020, 1:35 p.m.
  • Length: 13:29

All games in this series

Show
View Real Time Build Order
Export as new Build Order

AGOElazer Zerg 

Build Orders: Hatch First 

Get SALT Encoding   

  12  0:00  Drone  
  13  0:12  Overlord  
  13  0:17  Drone  
  14  0:30  Drone x2  
  16  0:48  Hatchery  
  15  0:51  Drone  
  15  0:54  Drone  
  17  0:58  Drone  
  18  1:08  Extractor  
  17  1:13  Spawning Pool  
  17  1:17  Drone  
  17  1:19  Drone  
  18  1:27  Drone  
  19  1:40  Drone  
  20  1:49  Drone  
  21  2:00  Queen x2  
  21  2:01  Overlord, Zergling x2  
  26  2:12  Zergling x2  
  26  2:13  Drone  
  28  2:22  Drone x2  
  30  2:28  Hatchery  
  29  2:33  Drone x2  
  31  2:40  Queen  
  33  2:45  Metabolic Boost  
  33  2:49  Overlord  
  33  2:52  Drone  
  33  2:57  Drone x2  
  36  3:06  Overlord  
  36  3:07  Drone x3  
  36  3:09  Drone  
  36  3:11  Drone  
  41  3:13  Drone  
  41  3:19  Queen  
  44  3:25  Drone x3  
  47  3:28  Drone  
  47  3:30  Drone  
  49  3:41  Overlord  
  49  3:42  Drone x4  
  49  3:45  Queen  
  49  3:47  Drone x2  
  57  3:54  Overlord  
  57  3:59  Zergling x6  
  57  4:00  Roach Warren  
  57  4:02  Zergling x4  
  61  4:05  Zergling x2  
  62  4:12  Spore Crawler  
  62  4:13  Zergling x4  
  63  4:17  Spore Crawler  
  63  4:19  Zergling x2  
  63  4:20  Zergling x6  
  63  4:23  Overlord  
  66  4:28  Overlord  
  66  4:29  Zergling x12  
  72  4:33  Overlord  
  72  4:37  Overlord  
  72  4:42  Overlord  
  72  4:44  Zergling x2  
  73  4:48  Roach  
  73  4:52  Roach x4  
  83  4:57  Roach x4  
  90  5:00  Roach  
  90  5:01  Roach  
  90  5:03  Overlord  
  91  5:08  Zergling x6  
  91  5:12  Zergling x2  
  91  5:15  Queen  
  91  5:17  Zergling x2  
  91  5:18  Zergling x2  
  91  5:19  Ravager  
  95  5:22  Zergling x8  
  95  5:26  Overlord  
  98  5:36  Zergling x12  
  98  5:41  Ravager  
  104  5:44  Zergling x2  
  104  5:48  Zergling x2  
  104  5:49  Zergling x8  
  97  5:59  Zergling x10  
  97  6:09  Roach x3, Zergling x4  
  97  6:16  Zergling x10  
  102  6:23  Zergling x8  
  104  6:25  Queen x2  
  104  6:26  Queen  
  104  6:31  Zergling x12  
  112  6:37  Ravager  
  110  6:41  Zergling x4  
  110  6:43  Zergling x2  
  110  6:46  Zergling x6  
  112  6:52  Zergling x8  
  113  6:57  Zergling x2  
  112  7:02  Zergling x6  
  112  7:06  Queen  
  112  7:07  Queen  
  113  7:08  Queen  
  113  7:11  Zergling x4  
  113  7:14  Zergling x4  
  113  7:18  Zergling x6  
  111  7:24  Zergling x4  
  111  7:25  Zergling x6  
  111  7:29  Roach  
  112  7:30  Overlord  
  112  7:35  Drone, Overlord  
  113  7:38  Extractor  
  113  7:40  Overlord  
  113  7:42  Ravager  
  113  7:43  Hatchery  
  109  7:53  Roach  
  109  7:54  Roach x6  
  123  8:02  Overlord  
  123  8:05  Overlord  
  123  8:06  Zergling x2  
  123  8:07  Zergling x12  
  123  8:10  Extractor  
  129  8:15  Ravager  
  129  8:18  Zergling x2  
  129  8:19  Zergling x4  
  129  8:28  Zergling x14  
  129  8:33  Ravager  
  132  8:39  Overlord  
  132  8:42  Overlord  
  132  8:43  Lair  
  133  8:48  Zergling x12  
  138  8:55  Drone x2  
  138  8:59  Evolution Chamber  
  138  9:00  Extractor  
  138  9:02  Roach x4  
  146  9:10  Overlord  
  146  9:16  Overlord  
  146  9:17  Roach x6  
  146  9:19  Zergling x2  
  159  9:28  Zergling x6  
  149  9:39  Zergling x10  
  149  9:45  Zergling x14  
  151  9:50  Glial Reconstitution  
  149  9:58  Zerg Melee Weapons Level 1, Overlord  
  149  9:59  Drone  
  150  10:05  Zergling x6  
  147  10:11  Ravager x2  
  147  10:12  Ravager  
  150  10:19  Zergling x12  
  150  10:26  Roach x2  
  150  10:28  Overlord  
  145  10:32  Roach  
  136  10:39  Zergling x8  
  136  10:42  Ravager x5  
  138  10:48  Zergling x6  
  137  10:55  Zergling x6  
  134  11:04  Zergling x10  
  122  11:20  Roach, Zergling x12  
  124  11:31  Ravager x5  
  129  11:34  Baneling Nest, Zergling x2  
  129  11:35  Zergling x4  
  130  11:40  Zergling x6  
  130  11:41  Zergling x2  
  134  11:48  Zergling x2  
  134  11:49  Zergling x6  
  129  11:55  Roach x2  
  131  12:06  Roach  
  131  12:07  Roach x3  
  133  12:13  Roach x3  
  144  12:22  Roach  
  144  12:23  Roach x2  
  137  12:30  Roach x3  
  137  12:35  Roach x2  
  136  12:38  Roach  
  128  12:46  Zergling x8  
  130  12:57  Zergling x12  
  106  13:06  Roach x2  
  106  13:10  Zergling x4  
Show
View Real Time Build Order
Export as new Build Order

goblin Protoss - Winner!

Build Orders: 1 Gate Expand, Blink Stalkers 

Get SALT Encoding   

  12  0:00  Probe  
  13  0:12  Probe  
  14  0:17  Pylon  
  14  0:24  Probe  
  15  0:32  Probe  
  15  0:38  Gateway  
  15  0:40  Probe  
  16  0:46  Assimilator  
  17  0:51  Probe  
  18  1:03  Probe  
  19  1:20  Nexus  
  19  1:23  Probe  
  20  1:35  Cybernetics Core  
  20  1:36  Probe  
  21  1:44  Assimilator  
  21  1:50  Probe  
  21  1:53  Pylon  
  22  1:59  Probe  
  22  2:02  Adept  
  22  2:07  Probe  
  26  2:16  Probe  
  26  2:21  Warp Gate  
  27  2:23  Twilight Council  
  27  2:28  Probe  
  28  2:32  Probe  
  28  2:33  Stalker  
  31  2:40  Probe x2  
  33  2:50  Probe  
  33  2:52  Probe  
  33  2:54  Blink  
  35  3:01  Probe  
  35  3:04  Probe  
  37  3:09  Probe  
  37  3:12  Gateway  
  37  3:17  Probe x2  
  37  3:19  Robotics Facility  
  40  3:28  Probe  
  40  3:29  Probe  
  40  3:33  Assimilator  
  42  3:39  Pylon  
  42  3:44  Gateway  
  42  3:45  Gateway  
  42  3:47  Gateway  
  42  3:51  Gateway  
  42  3:55  Warp Prism, Probe x2  
  44  4:08  Probe  
  47  4:13  Stalker  
  49  4:18  Pylon  
  49  4:20  Stalker  
  51  4:27  Observer  
  51  4:31  Pylon  
  52  4:42  Pylon  
  52  4:50  Stalker x5  
  52  4:52  Stalker  
  64  4:56  Pylon  
  64  5:00  Gateway  
  64  5:13  Stalker x2  
  64  5:14  Stalker x2  
  72  5:24  Pylon  
  72  5:27  Observer  
  72  5:33  Shield Battery  
  72  5:34  Stalker  
  74  5:39  Stalker x2, Cybernetics Core  
  74  5:41  Stalker  
  80  5:45  Stalker  
  72  6:05  Zealot x3  
  72  6:06  Observer  
  76  6:18  Stalker x2  
  76  6:19  Stalker  
  76  6:22  Probe x2  
  82  6:41  Stalker x2  
  80  6:55  Stalker x3  
  80  6:58  Pylon  
  80  7:00  Pylon  
  77  7:23  Stalker  
  77  7:24  Stalker x5  
  77  7:27  Probe x2  
  83  7:35  Probe x2  
  83  7:40  Observer  
  85  7:47  Probe x2  
  85  7:50  Observer  
  87  7:54  Stalker x3  
  87  7:55  Stalker x3  
  99  8:00  Pylon  
  99  8:04  Probe  
  100  8:20  Stalker x4  
  104  8:45  Stalker x3, Observer  
  110  8:50  Pylon x2  
  110  8:52  Observer  
  110  9:08  Shield Battery  
  110  9:16  Stalker x5  
  120  9:34  Observer  
  118  9:40  Stalker x2  
  118  9:41  Stalker  
  112  9:50  Stalker  
  112  9:51  Stalker x2  
  116  10:01  Assimilator  
  116  10:12  Stalker x3  
  122  10:24  Stalker x2  
  126  10:31  Pylon  
  122  10:40  Stalker  
  122  10:42  Stalker x2  
  126  10:47  Gateway  
  118  11:00  Stalker x2  
  122  11:04  Stalker x2  
  126  11:12  Observer  
  126  11:16  Observer  
  106  11:28  Stalker x5  
  116  12:05  Stalker x2  
  116  12:06  Stalker x4  
  114  12:41  Stalker x4  
  114  12:42  Stalker  
  90  13:19  Stalker  
  92  13:20  Stalker x5  
Tags
 
Add a new tag
Caveats
  • Supply blocks, unpowered buildings, or Contaminate may cause inaccurate times.
  • Supply counts are checked every 10 seconds.